 Dungeon Crawl Stone Soup version 0.28.0-53-g5a82cb258f (webtiles) character file.

Game seed: 4404586021375543149

816 safid the Cleaver (level 7, 0/59 HPs)
             Began as a Hill Orc Fighter on July 4, 2022.
             Was a Follower of Beogh.
             Slain by an orc wizard
             ... wielding a +0 dagger
              (3 damage)
             ... on level 5 of the Dungeon.
             The game lasted 00:04:55 (4589 turns).

safid the Cleaver (Hill Orc Fighter)                Turns: 4589, Time: 00:04:55

Health: 0/59       AC:  9    Str: 21    XL:     7   Next: 94%
Magic:  7/7        EV:  9    Int: 11    God:    Beogh [*.....]
Gold:   146        SH:  4    Dex: 10    Spells: 6/6 levels left

rFire   . . .      SeeInvis .   a - +0 war axe
rCold   . . .      Faith    .   c - +0 buckler
rNeg    . . .      Spirit   .   b - +0 scale mail
rPois   .          Reflect  .   p - +0 helmet {Int+3}
rElec   .          Harm     .   i - +0 cloak
rCorr   .          Rampage  .   (no gloves)
Will    .....                   (no boots)
Stlth   ..........              (no amulet)
HPRegen 0.19/turn               (no ring)
MPRegen 0.10/turn               (no ring)

@: no status effects
A: no striking features
a: Renounce Religion


You were on level 5 of the Dungeon.
You worshipped Beogh.
Beogh was aware of your devotion.
You visited 1 branch of the dungeon, and saw 5 of its levels.

You collected 146 gold pieces.

Inventory:

Hand Weapons
 a - a +0 war axe (weapon)
Missiles
 l - 4 poisoned darts (quivered)
Armour
 b - a +0 scale mail (worn)
 c - a +0 buckler (worn)
 i - a +0 cloak (worn)
 p - a +0 helmet of intelligence (worn)
Jewellery
 g - an amulet of magic regeneration
 u - a +6 ring of dexterity
Wands
 m - a wand of charming (9)
 n - a wand of digging (7)
 t - a wand of polymorph (8)
Scrolls
 e - 4 scrolls of teleportation {unknown}
 f - a scroll of fear {unknown}
 h - 3 scrolls of blinking {unknown}
 o - a scroll of vulnerability {unknown}
 r - a scroll of identify {unknown}
 s - a scroll of fog {unknown}
Potions
 d - 3 potions of might
 j - a potion of curing {unknown}
 k - 2 potions of heal wounds {unknown}
 q - a potion of degeneration {unknown}


   Skills:
 - Level 4.0 Fighting
 + Level 10.7 Axes
 - Level 4.0 Armour
 - Level 4.0 Shields


You had 6 spell levels left.
You didn't know any spells.
Your spell library contained the following spells:

 Spells                   Type           Power      Damage    Failure   Level
 Apportation              Tloc           0%         N/A       77%         1
 Corpse Rot               Necr/Air       0%         N/A       88%         2
 Poisonous Vapours        Pois/Air       0%         N/A       88%         2
 Frozen Ramparts          Ice            0%         1d2       98%         3
 Ice Form                 Ice/Tmut       0%         N/A       100%        4
 Summon Ice Beast         Ice/Summ       0%         N/A       100%        4
 Alistair's Intoxication  Tmut/Pois      0%         N/A       100%        5


Dungeon Overview and Level Annotations

Branches:
Dungeon (5/15)             Temple (0/1) D:5

Altars:
Ashenzari
Dithmenos
Gozag
Hepliaklqana
Nemelex Xobeh
Ru
Yredelemnul
Zin

Annotations:
D:4 3 runed translucent doors, Stomo's ghost, amateur DsGl


Message History

You slash the orc!
You kill the orc!
Beogh accepts your kill.
You closely miss the orc warrior. The orc warrior barely misses you.
Unknown command.
You hit the orc warrior but do no damage.
The orc warrior is severely wounded.
You block the orc warrior's attack. The orc hits you but does no damage.
Unknown command.
You slash the orc warrior!
You kill the orc warrior!
Beogh accepts your kill.
You barely miss the orc. The orc closely misses you.
You hit the orc.
The orc is moderately wounded.
You barely miss something.
You hear some strange, mumbled words.
A magic dart appears from out of thin air!
The magic dart hits you.
* * * LOW HITPOINT WARNING * * *
You block the orc's attack.
You closely miss the orc.
The orc is moderately wounded.
You closely miss something.
You hear some strange, mumbled words.
A puff of flame appears from out of thin air!
The puff of flame misses you. The orc hits you with a +0 dagger.
* * * LOW HITPOINT WARNING * * *
You barely miss the orc.
The orc is moderately wounded.
You slash something! Something hits you but does no damage.
Unknown command.
You slash the orc!
You kill the orc!
Beogh accepts your kill.
You closely miss something. Something hits you but does no damage.
Unknown command.
You miss something. Something hits you.
You die...
Beogh appreciates something's killing of a heretic priest.

..............#
............(.#
..............#
.............##
.....##.....##
#### #......#
###?...#
####....##..
#.@{........
#.)##)?..)..#
..........##..#
.........o..#
..#
............#
##
............#
####..##....#
#.. .>.... ##
.......


There were no monsters in sight!

Vanquished Creatures
  An orc warrior (D:5)
  A phantom (D:4)
  Blork the orc (D:4)
  A scorpion (D:5)
  A howler monkey (D:4)
  A centaur zombie (D:5)
  An orc priest (D:3)
  A hound (D:5)
  3 iguanas
  Ijyb (D:3)
  Natasha (thrice) (D:3)
  Terence (D:2)
  An orc wizard (D:5)
  3 hound skeletons
  3 gnolls (D:4)
  5 adders
  2 adder skeletons (D:4)
  4 orcs
  7 bats
  9 endoplasms
  2 giant cockroaches
  6 goblins
  4 hobgoblins
  4 jackals (D:1)
  3 kobolds
  5 quokkas
  4 ball pythons
  4 frilled lizards
  3 rats
85 creatures vanquished.

Vanquished Creatures (others)
  An orc priest (D:3)
  A withered plant (D:3)
2 creatures vanquished.

Grand Total: 87 creatures vanquished

Notes
Turn   | Place    | Note
-------+----------+-------------------------------------------
     0 | D:1      | safid the Hill Orc Fighter began the quest for the Orb.
     0 | D:1      | Reached XP level 1. HP: 19/19 MP: 1/1
    74 | D:1      | Reached skill level 3 in Axes
    74 | D:1      | Reached XP level 2. HP: 8/27 MP: 2/2
   742 | D:1      | Reached XP level 3. HP: 33/33 MP: 3/3
  1656 | D:2      | Reached XP level 4. HP: 39/40 MP: 4/4
  1666 | D:2      | Noticed Terence
  1670 | D:2      | Reached skill level 4 in Axes
  1679 | D:2      | Killed Terence
  2275 | D:3      | Found a faded altar of an unknown god.
  2386 | D:3      | Noticed Ijyb
  2393 | D:3      | Killed Ijyb
  2394 | D:3      | Reached skill level 5 in Axes
  2394 | D:3      | Reached XP level 5. HP: 42/46 MP: 5/5
  2438 | D:3      | Found a basalt altar of Yredelemnul.
  2531 | D:3      | Became a worshipper of Beogh the Brigand
  2531 | D:3      | Noticed Natasha
  2541 | D:3      | Killed Natasha
  2673 | D:3      | Reached skill level 6 in Axes
  2753 | D:3      | Found a sparkling altar of Nemelex Xobeh.
  2767 | D:3      | Noticed Natasha
  2773 | D:3      | Killed Natasha
  2867 | D:3      | Noticed Natasha
  2874 | D:3      | Killed Natasha
  3017 | D:3      | Reached XP level 6. HP: 50/52 MP: 6/6
  3359 | D:4      | Reached skill level 7 in Axes
  3379 | D:4      | Reached skill level 8 in Axes
  3623 | D:4      | Found a shadowy altar of Dithmenos.
  3633 | D:4      | Found an opulent altar of Gozag.
  3995 | D:4      | Reached XP level 7. HP: 58/59 MP: 7/7
  4009 | D:4      | Found a sacrificial altar of Ru.
  4009 | D:4      | Found a faded altar of an unknown god.
  4017 | D:4      | Found a broken altar of Ashenzari.
  4019 | D:4      | Found a glowing silver altar of Zin.
  4021 | D:4      | Found a faded altar of an unknown god.
  4099 | D:4      | Found a runed translucent gate.
  4099 | D:4      | Found a runed translucent gate.
  4100 | D:4      | Found a runed translucent gate.
  4103 | D:4      | Noticed Stomo's ghost (amateur DsGl)
  4144 | D:4      | Found a hazy altar of Hepliaklqana.
  4318 | D:4      | Noticed Blork the orc
  4328 | D:4      | Killed Blork the orc
  4329 | D:4      | Reached skill level 9 in Axes
  4439 | D:5      | Entered Level 5 of the Dungeon
  4453 | D:5      | Reached * piety under Beogh
  4480 | D:5      | Found a staircase to the Ecumenical Temple.
  4549 | D:5      | Reached skill level 10 in Axes
  4589 | D:5      | Slain by an orc wizard

Illustrated notes

Levels and vault maps discovered:
D:1:      dpeg_arrival_tiny_k, layout_loops_ring
D:2:      layout_basic, st_stairs_7, uniq_terence
D:3:      layout_basic, nemelex_diamond_rough_becter, yredelemnul_altar_generic,
          shapermc_ecumenical_altar_flowoftime, uniq_natasha, uniq_ijyb
D:4:      layout_loops_cross, grunt_temple_overflow_open,
          chequers_temple_overflow_minitemple, lemuel_doored_altar,
          ebering_ghost_rock_garden, uniq_blork_the_orc
D:5:      layout_rooms, minmay_temple_entry_hall

Skill      XL: |  1  2  3  4  5  6  7 |
---------------+----------------------+-----
Axes           | 3 5 6 8 10 | 10.7
Fighting       | 4 |  4.0
Armour         | 4 |  4.0
Shields        | 4 |  4.0

Action                   |  1- 3 |  4- 6 |  7- 9 || total
-------------------------+-------+-------+-------++-------
Melee: War axe           |   100 |   139 |    54 ||   293
       Unarmed           |       |       |     3 ||     3
Invok: Convert to Beogh  |       |     1 |       ||     1
Armor: Scale mail        |    41 |    64 |    23 ||   128
Dodge: Dodged            |    56 |    57 |    15 ||   128
Block: Buckler           |    21 |    28 |    14 ||    63
